 Dungeon Crawl Stone Soup version 0.31-a0-339-gda1cbd555d (webtiles) character file.

Game seed: 6857641305363815926

32 BritishOli the Trooper (level 3, -4/29 HPs)
             Began as a Demonspawn Fighter on July 20, 2023.
             Slain by a goblin
             ... wielding a +0 dagger
             ... led by Robin
              (5 damage)
             ... on level 2 of the Dungeon.
             The game lasted 00:01:08 (451 turns).

BritishOli the Trooper (Demonspawn Fighter)          Turns: 451, Time: 00:01:09

Health: -4/29      AC:  6    Str: 18    XL:     3   Next: 10%
Magic:  3/3        EV:  9    Int:  9    God:
Gold:   11         SH:  8    Dex: 12    Spells: 2/2 levels left

rFire   . . .        a - +0 war axe
rCold   . . .        c - +0 buckler
rNeg    . . .        b - +0 scale mail
rPois   .            (no helmet)
rElec   .            (no cloak)
rCorr   .            (no gloves)
SInv    .            (no boots)
Will    .....        (no amulet) Stlth
                     (no ring)
HPRegen 0.24/turn    (no ring)
MPRegen 0.08/turn

%: no passive effects
@: mighty
A: powered by pain 1, condensation shield
a: no special abilities


You were on level 2 of the Dungeon.
You visited 1 branch of the dungeon, and saw 2 of its levels.

You collected 11 gold pieces.

Inventory:

Hand Weapons
 a - a +0 war axe (weapon)
Armour
 b - a +0 scale mail (worn)
 c - a +0 buckler (worn)
Potions
 d - a potion of might


   Skills:
 + Level 3.3 Fighting
 + Level 2.2 Axes
 + Level 3.0 Armour
 + Level 3.0 Shields


You had 2 spell levels left.
You didn't know any spells.
Your spell library was empty.

Dungeon Overview and Level Annotations

Branches:
Dungeon (2/15)

Altars:

Annotations:
D:2 Robin, Sigmund


Innate Abilities, Weirdness & Mutations

You sometimes gain a little power by taking damage.
A meltable shield of frost defends you. (SH +4)


Message History

The goblin hits you but does no damage.
Sigmund hits you from afar with a +0 scythe!
You focus on the pain.
You feel very mighty all of a sudden. The goblin hits you but does no damage.
You block the goblin's attack. The goblin closely misses you.
You block the goblin's attack. The goblin hits you with a +0 dagger.
The goblin closely misses you. You block Sigmund's attack.
You block the goblin's attack. x2
The goblin hits you but does no damage. x3
The goblin barely misses you. x2; You block the goblin's attack. x2
Sigmund closely misses you. You block the goblin's attack.
You block the goblin's attack. The goblin hits you but does no damage.
The goblin closely misses you. The goblin hits you but does no damage.
The goblin barely misses you. Sigmund closely misses you.
The goblin hits you but does no damage. x3
You block the goblin's attack. x2
The goblin hits you with a +0 dagger. You block the goblin's attack.
The goblin hits you but does no damage.
Robin says, "My goblins will feast on your bones."
You block the goblin's attack. You block Sigmund's attack.
The goblin closely misses you. You block the goblin's attack.
The goblin hits you but does no damage. The goblin hits you with a +0 club.
* * * LOW HITPOINT WARNING * * *
The goblin hits you with a +0 dagger.
* * * LOW HITPOINT WARNING * * *
The goblin barely misses you.
The goblin no longer looks unusually strong. x2
Sigmund mumbles some strange words.
Sigmund flickers and vanishes!
Deactivating autopickup; reactivate with Ctrl-A.
You block the goblin's attack. x5
Robin roars a battlecry!
The goblins go into a battle-frenzy!
Something hits you.
* * * LOW HITPOINT WARNING * * *
You block the goblin's attack. The goblin barely misses you.
The goblin hits you but does no damage. The goblin hits you with a +0 dagger.
You die...

>...# ....#
....### ......#
g...... .......
##g...#.#
#@gg.....
.....ggggg.....
.....{.ggg.....
...............
...............
..####.#.......
. .. ....... #.
....#..


You could see Robin, a hobgoblin (strong) and 10 goblins.

Vanquished Creatures
  A dart slug (D:1)
  4 endoplasms (D:1)
  2 giant cockroaches (D:1)
  4 goblins (D:1)
  A hobgoblin (D:1)
  3 jackals (D:1)
  A quokka (D:1)
  3 ball pythons (D:1)
  A bat (D:1)
  4 kobolds (D:1)
  A rat (D:1)
25 creatures vanquished.

Notes
Turn   | Place    | Note
-------+----------+-------------------------------------------
     0 | D:1      | BritishOli the Demonspawn Fighter began the quest for the
                  | Orb.
     0 | D:1      | Reached XP level 1. HP: 18/18 MP: 1/1
    86 | D:1      | Gained mutation: A meltable shield of frost defends you.
                  | (SH +4) [demonic ancestry]
    86 | D:1      | Reached XP level 2. HP: 24/24 MP: 2/2
   427 | D:1      | Gained mutation: You sometimes gain a little power by
                  | taking damage. [demonic ancestry]
   427 | D:1      | Reached XP level 3. HP: 29/29 MP: 3/3
   433 | D:2      | Noticed Sigmund
   433 | D:2      | Noticed Robin
   451 | D:2      | HP: 1/29 [something (2)]
   451 | D:2      | Slain by a goblin

Illustrated notes

Levels and vault maps discovered:
D:1:      amcnicky_arrival_choice, layout_basic, minmay_stone_trees_large
D:2:      layout_basic, hangedman_decor_push, uniq_sigmund, uniq_robin

Skill      XL: |  1  2 |
---------------+-------+-----
Axes           | 2 |  2.2
Armour         | 3 |  3.0
Shields        | 3 |  3.0
Fighting       | |  3.3

Action                     || total
---------------------------++-------
  Melee: War axe           ||    59
 Armour: Scale mail        ||    53
  Dodge: Dodged            ||    54
  Block: Buckler           ||    66

Table legend: (Time is in decaauts)
 A = Elapsed time spent in this place.
 B = Non-inter-level travel time spent in this place.
 C = Inter-level travel time spent in this place.
 D = Time resting spent in this place.
 E = Time spent auto-exploring this place.
 F = Levels seen in this place.
 G = Mean time per level.
                   A        B        C        D        E       F      G
               +--------+--------+--------+--------+--------+-----+--------+
         Total |    476 |    473 |      3 |      0 |    323 |   2 |  238.0 |
       Dungeon |    476 |    473 |      3 |      0 |    323 |   2 |  238.0 |
               +--------+--------+--------+--------+--------+-----+--------+

Top non-repeatable levels by time:
     D:1: 459 daAuts
     D:2: 17 daAuts
